 Dungeon Sprint DCSS version 0.22-a0-533-g4d20840 (webtiles) character file.

152 emperorscorpion the Zephyrmancer (level 5, -1/28 HPs)
             Began as a Deep Elf Air Elementalist on June 22, 2018.
             Was a Follower of Sif Muna.
             Slain by a killer bee (9 damage)
             ... in the Dungeon (Sprint IX: "|||||||||||||||||||||||||||||").
             The game lasted 00:02:00 (272 turns).

emperorscorpion the Zephyrmancer (DEAE)              Turns: 272, Time: 00:02:01

Health: -1/28      AC:  2    Str:  8    XL:     5   Next: 11%
Magic:  6/16       EV: 17    Int: 21    God:    Sif Muna [*.....]
Gold:   0          SH:  0    Dex: 15    Spells: 11/17 levels left

rFire    . . .     SeeInvis .   a - +4 quarterstaff (speed)
rCold    . . .     Gourm    .   (shield currently unavailable)
rNeg     . . .     Faith    .   p - +0 robe
rPois    .         Spirit   .   (no helmet)
rElec    .         Reflect  .   (no cloak)
rCorr    .         Harm     .   (no gloves)
MR       .....     NoTele   +   (no boots)
Stlth    +++.......             (no amulet)
HPRegen  0.09/turn              u - +2 ring of evasion
MPRegen  0.15/turn              v - +3 ring of strength

@: no status effects
A: no striking features
a: Divine Energy, Renounce Religion


You were in the Dungeon.
You worshipped Sif Muna.
Sif Muna was aware of your devotion.
You were not hungry.

You visited 1 branch

Inventory:

Hand Weapons
 a - a +4 quarterstaff of speed (weapon)
 j - a +0 spear
 q - a +0 dagger
Armour
 p - a +0 robe (worn)
 r - a +0 cloak
 s - a +0 pair of gloves
 t - a +1 chain mail
Magical Staves
 b - an uncursed staff of energy
Jewellery
 u - a +2 ring of evasion (left hand)
 v - a +3 ring of strength (right hand)
Wands
 o - a wand of iceblast (10)
Scrolls
 i - 2 scrolls of blinking
 m - 3 scrolls of remove curse
 n - 2 scrolls of amnesia
Potions
 d - 4 potions of curing
 e - 3 potions of heal wounds
 f - a potion of haste
 g - 4 potions of magic
 h - a potion of berserk rage
 l - a potion of invisibility
Comestibles
 c - a ration
 k - 3 chunks of flesh


   Skills:
 + Level 0.2 Staves
 + Level 4.6 Dodging
 + Level 4.5 Stealth
 + Level 6.8 Spellcasting
 + Level 2.5 Conjurations
 + Level 0.5 Charms
 + Level 8.0 Air Magic
 * Level 1.7 Invocations


You had 11 spell levels left.
You knew the following spells:

 Your Spells              Type           Power        Failure   Level  Hunger
a - Shock                 Conj/Air       ####         1%          1    None
b - Swiftness             Chrm/Air       ####....     2%          2    None
c - Static Discharge      Conj/Air       ####....     3%          3    #......

Your spell library contained the following spells:

 Spells                   Type           Power        Failure   Level  Hunger
 Lightning Bolt           Conj/Air       ####......   28%         5    #####..
 Airstrike                Air            #####.....   3%          4    ###....


Dungeon Overview and Level Annotations

Branches:
Dungeon (1/1)

Altars:
Cheibriados
Dithmenos
Elyvilon
Fedhas
Gozag
Hepliaklqana
Kikubaaqudgha
Makhleb
Nemelex Xobeh
Okawaru
Qazlal
Ru
Sif Muna
Trog
Uskayaw
Vehumet
Wu Jian
Xom
Yredelemnul
Zin
The Shining One
Beogh
Jiyva
Lugonu


Message History

The killer bee is severely wounded.
The killer bee barely misses you.
You closely miss the killer bee.
The killer bee is severely wounded.
The killer bee closely misses you. The killer bee stings you!
You miss the killer bee.
The killer bee is severely wounded.
You no longer feel sluggish.
The killer bee stings you.
You are poisoned.
The killer bee poisons you! The killer bee stings you!
* * * LOW HITPOINT WARNING * * *
You feel better. The killer bee barely misses you. The killer bee misses you.
Casting: Shock (safe; 1% risk of failure)
Confirm with . or Enter, or press ? or * to list all spells.
The killer bee is struck by lightning.
The killer bee is almost dead.
The lightning grounds out.
The killer bee completely misses you. The killer bee stings you!
You die... ▓▓▓▓▓▓▓▓▓▓▓▓▓▓▓▓▓▓▓▓▓▓▓▓▓▓▓▓▓▓▓▓▓ ...'____________@yy_______F_'..§F ▓▓▓▓▓▓▓▓▓▓▓▓▓▓▓▓▓▓▓▓▓▓▓▓▓▓▓▓▓▓▓▓▓

You could see 2 killer bees.

Vanquished Creatures
  A bullfrog (D)
  A crimson imp (D)
  A worker ant (D)
  A gnoll (D)
  An adder (D)
  An adder zombie (D)
  2 leopard geckos (D)
  A goblin (D)
  A kobold (D)
  2 frilled lizards (D)
  A rat (D)
13 creatures vanquished.

Vanquished Creatures (others)
  A spatial maelstrom (D)
1 creature vanquished.

Grand Total: 14 creatures vanquished

Notes
Turn   | Place    | Note
-------+----------+-------------------------------------------
     0 | D        | emperorscorpion the Deep Elf Air Elementalist began the quest for the Orb.
     0 | D        | Reached XP level 1. HP: 10/10 MP: 6/6
     6 | D        | Reached skill level 4 in Air Magic
    27 | D        | Banished a spatial maelstrom
    45 | D        | Noticed a worker ant
    49 | D        | Killed a worker ant
    49 | D        | Reached skill level 5 in Air Magic
    49 | D        | Reached XP level 2. HP: 11/15 MP: 3/9
    49 | D        | Reached XP level 3. HP: 14/19 MP: 3/11
    51 | D        | Reached skill level 5 in Spellcasting
    51 | D        | Reached skill level 6 in Air Magic
    66 | D        | Found a roughly hewn altar of Beogh.
    66 | D        | Found a snail-covered altar of Cheibriados.
    66 | D        | Found a shadowy altar of Dithmenos.
    66 | D        | Found a white marble altar of Elyvilon.
    66 | D        | Found a blossoming altar of Fedhas.
    66 | D        | Found an opulent altar of Gozag.
    67 | D        | Found a hazy altar of Hepliaklqana.
    68 | D        | Found a viscous altar of Jiyva.
    69 | D        | Found an ancient bone altar of Kikubaaqudgha.
    70 | D        | Found a corrupted altar of Lugonu.
    71 | D        | Found a burning altar of Makhleb.
    72 | D        | Found a sparkling altar of Nemelex Xobeh.
    73 | D        | Found an iron altar of Okawaru.
    74 | D        | Found a stormy altar of Qazlal.
    75 | D        | Found a sacrificial altar of Ru.
    76 | D        | Found a deep blue altar of Sif Muna.
    77 | D        | Found a bloodstained altar of Trog.
    78 | D        | Found a hide-covered altar of Uskayaw.
    79 | D        | Found a radiant altar of Vehumet.
    80 | D        | Found an ornate altar of the Wu Jian Council.
    81 | D        | Found a shimmering altar of Xom.
    82 | D        | Found a basalt altar of Yredelemnul.
    83 | D        | Found a glowing silver altar of Zin.
    84 | D        | Became a worshipper of Sif Muna the Loreminder
    85 | D        | Found a glowing golden altar of the Shining One.
   120 | D        | Learned a level 2 spell: Swiftness
   124 | D        | Learned a level 3 spell: Static Discharge
   233 | D        | Noticed a bullfrog
   233 | D        | Noticed a killer bee
   233 | D        | Noticed a killer bee
   258 | D        | Killed a bullfrog
   258 | D        | Reached * piety under Sif Muna
   258 | D        | Reached skill level 7 in Air Magic
   258 | D        | Reached XP level 4. HP: 24/24 MP: 8/14
   263 | D        | Reached skill level 8 in Air Magic
   263 | D        | Reached skill level 1 in Invocations
   263 | D        | Reached XP level 5. HP: 28/28 MP: 8/16
   272 | D        | Slain by a killer bee

Vault maps used:
D:        linesprint

Skill      XL: |  1  2  3  4 |
---------------+-------------+-----
Air Magic      | 5 7 8 |  8.0
Dodging        | 3 4 |  4.6
Stealth        | 3 4 |  4.5
Spellcasting   | 4 6 |  6.8
Conjurations   | 2 |  2.5
Invocations    | 1 |  1.7
Staves         | |  0.2
Charms         | |  0.5

Action                   |  1- 3 |  4- 6 || total
-------------------------+-------+-------++-------
Melee: Dagger            |     1 |       ||     1
       Quarterstaff      |       |    10 ||    10
 Cast: Shock             |    12 |     3 ||    15
       Swiftness         |     1 |       ||     1
       Static Discharge  |       |     1 ||     1
  Use: Potion            |       |     1 ||     1
Armor: Robe              |     1 |       ||     1
Dodge: Dodged            |     5 |    14 ||    19

Table legend:
 A = Spawn XP
 B = Non-spawn XP
 C = Spawn XP percentage of total XP
 D = Spawn monster count
 E = Non-spawn monster count
 F = Spawn count percentage of total count
 G = Total turns spent on level
                    A         B        C        D         E        F      G
               +---------+---------+-------+---------+---------+-------+---------
         Total |       0 |     218 |   0.0 |       0 |      13 |   0.0 |   272
               +---------+---------+-------+---------+---------+-------+---------
             D |       0 |     218 |   0.0 |       0 |      13 |   0.0 |   272
               +---------+---------+-------+---------+---------+-------+---------
